 Dungeon Sprint DCSS version 0.20-a0-269-g17f5411 (webtiles) character file.

18614 Faca the Bludgeoner (level 12, -16/110 HPs)
             Began as a Formicid Fighter on Dec 9, 2016.
             Was the Champion of Okawaru.
             Demolished by an alligator snapping turtle (19 damage)
             ... in the Dungeon (Sprint IX: "|||||||||||||||||||||||||||||").
             The game lasted 00:14:03 (3072 turns).

Faca the Bludgeoner (Formicid Fighter)              Turns: 3072, Time: 00:14:04

Health: -16/110    AC: 21    Str: 25    XL:     12   Next: 97%
Magic:  12/12      EV: 10    Int:  8    God:    Okawaru [******]
Gold:   1393       SH: 16    Dex: 17    Spells: 11/11 levels left

rFire  . . .     SeeInvis +     A - +14 obsidian axe {chop, +Fly SInv *Curse} (curse)
rCold  . . .     Gourm    .     b - +0 plate armour
rNeg   . . .     Faith    .     c - +0 shield
rPois  .         Spirit   .     (helmet unavailable)
rElec  .         Reflect  .     w - +0 cloak
rCorr  .         Harm     .     v - +0 pair of gloves
MR     +....                    B - +1 pair of boots
Stlth  ..........               (no amulet)
                                k - +3 ring of strength
                                j - +3 ring of dexterity

@: mesmerised
A: permanent stasis, dig shafts and tunnels, four strong arms, antennae 3, wild
magic 1
a: Dig, Heroism, Finesse, Renounce Religion, Evoke Flight


You were in the Dungeon.
You worshipped Okawaru.
Okawaru was exalted by your worship.
You were not hungry.

You visited 1 branch You collected 1903 gold pieces.
You spent 510 gold pieces at shops.

Inventory:

Hand Weapons
 p - a +2 morningstar of protection
 q - a +1 morningstar of flaming
 A - the cursed +14 obsidian axe (weapon) {chop, +Fly SInv *Curse}
   (You found it in the Dungeon)

   It inflicts extra damage upon your enemies.
   It lets you see invisible.
   It lets you fly.
   It may re-curse itself when equipped.
   It has a curse placed upon it.
Armour
 b - a +0 plate armour (worn)
 c - a +0 shield (worn)
 v - a +0 pair of gloves (worn)
 w - a +0 cloak (worn)
 B - a +1 pair of boots (worn)
Jewellery
 j - a +3 ring of dexterity (left hand)
 k - a +3 ring of strength (right hand)
 u - an uncursed ring of ice
 x - an uncursed ring of protection from fire
 y - an uncursed ring of ice
 z - an uncursed ring of ice
Wands
 o - a wand of iceblast (7/15)
Scrolls
 f - 4 scrolls of fog
 h - a scroll of recharging
 m - 3 scrolls of remove curse
 n - 2 scrolls of enchant weapon
 E - 4 scrolls of enchant armour
Potions
 d - 3 potions of resistance
 e - 6 potions of curing
 i - 4 potions of magic
 l - a potion of invisibility
 C - a potion of agility
 D - 2 potions of cure mutation
Comestibles
 r - 40 fruits
 s - 12 bread rations
 t - 11 meat rations


   Skills:
 + Level 15.5 Fighting
 + Level 9.1(14.5) Axes
 + Level 17.8(18.4) Maces & Flails
 + Level 12.6 Armour
 + Level 4.6 Dodging
 + Level 1.3 Stealth
 + Level 17.8 Shields


You had 11 spell levels left.
You didn't know any spells.

Dungeon Overview and Level Annotations

Branches:
Dungeon (1/1)

Altars:
Cheibriados
Dithmenos
Elyvilon
Fedhas
Gozag
Hepliaklqana
Kikubaaqudgha
Makhleb
Nemelex Xobeh
Okawaru
Qazlal
Ru
Sif Muna
Trog
Uskayaw
Vehumet
Xom
Yredelemnul
Zin
The Shining One
Beogh
Jiyva
Lugonu

Shops:
D !!%[


Innate Abilities, Weirdness & Mutations

You cannot be hasted, slowed, berserked, paralysed or teleported.
You can dig through walls and to a lower floor.
Your four strong arms can wield two-handed weapons with a shield.
You have a pair of large antennae on your head. (SInv)
Your spells are a little harder to cast, but a little more powerful.


Message History

The alligator snapping turtle bites you but does no damage.
Unknown command.
A merfolk comes into view. It is wielding a trident.
The merfolk shouts!
The merfolk impaler hits you from afar with a trident of piercing.
The merfolk impaler hits you from afar with a trident of piercing!
* * * LOW HITPOINT WARNING * * *
x2
There is an open door to the Shoals here.
Things that are here:
a water nymph corpse; a harpy corpse You cut the alligator snapping turtle into ribbons!!!
The alligator snapping turtle is moderately wounded.
The alligator snapping turtle bites you!!
* * * LOW HITPOINT WARNING * * *
You block the merfolk impaler's attack.
You slash the alligator snapping turtle!
The alligator snapping turtle is heavily wounded.
You block the merfolk impaler's attack.
The alligator snapping turtle bites you!!
You die... {{{{{{{{{{{{{{ ▓▓▓▓▓▓▓▓▓▓▓▓▓▓▓▓▓▓▓▓▓▓▓▓ ▓..............3@tmmSHSm{{ {{{{{{

▓.▓▓▓▓▓▓▓▓▓▓▓▓▓▓▓▓▓▓▓▓▓▓▓▓▓▓▓▓▓▓▓
▓................................
▓▓▓▓▓▓▓▓▓▓▓▓▓▓▓▓▓▓▓▓▓▓▓▓▓▓▓▓▓▓▓▓▓
▓.........'.....)))).)))..[[[[[[[
▓.▓▓▓▓▓▓▓▓▓▓▓▓▓▓▓▓▓▓▓▓▓▓▓▓▓▓▓▓▓▓▓
▓.....)........................).
▓▓▓▓▓▓▓▓▓▓▓▓▓▓▓▓▓▓▓▓▓▓▓▓▓▓▓▓▓▓▓▓▓
▓...(....()))))))[)).)...)))'....


You could see an alligator snapping turtle, a merfolk impaler, 2 sea snakes, 2
merfolk, a manticore and a friendly sun demon.

Vanquished Creatures
  2 stone giants (D)
  An ettin (D)
  A rakshasa (D)
  Harold (D)
  A hydra (D)
  2 centaur warriors (D)
  An orc high priest (D)
  A hill giant (D)
  A harpy (D)
  4 orc knights (D)
  3 orc sorcerers (D)
  A water nymph (D)
  8 elephants (D)
  A spiny frog (D)
  A komodo dragon (D)
  A rime drake (D)
  A tengu conjurer (D)
  A hornet (D)
  3 blink frogs (D)
  4 hippogriffs (D)
  Eustachio (D)
  3 yaks (D)
  A hungry ghost (D)
  2 water moccasins (D)
  8 orc warriors (D)
  An ogre (D)
  A boggart (D)
  A centaur (D)
  A wolf (D)
  2 crocodiles (D)
  A big kobold (D)
  A bullfrog (D)
  2 crimson imps (D)
  2 orc priests (D)
  A hound (D)
  4 orc wizards (D)
  2 adders (D)
  An adder zombie (D)
  An adder skeleton (D)
  An adder simulacrum (D)
  16 orcs (D)
  A bat zombie (D)
  A giant cockroach (D)
  A goblin (D)
  A hobgoblin (D)
  A quokka (D)
  A bat (D)
  A frilled lizard (D)
  A jackal skeleton (D)
  A leopard gecko zombie (D)
  A quokka skeleton (D)
  A rat (D)
103 creatures vanquished.

Vanquished Creatures (others)
  2 orcs (D)
2 creatures vanquished.

Grand Total: 105 creatures vanquished

Notes
Turn   | Place    | Note
-------+----------+-------------------------------------------
     0 | D        | Faca the Formicid Fighter began the quest for the Orb.
     0 | D        | Reached XP level 1. HP: 18/18 MP: 1/1
    23 | D        | Noticed a crimson imp
    29 | D        | Reached XP level 2. HP: 16/26 MP: 2/2
   118 | D        | Killed a crimson imp
   118 | D        | Reached skill level 5 in Fighting
   118 | D        | Reached skill level 5 in Armour
   118 | D        | Reached skill level 5 in Shields
   118 | D        | Reached XP level 3. HP: 12/33 MP: 3/3
   118 | D        | Reached XP level 4. HP: 15/39 MP: 4/4
   310 | D        | Found a roughly hewn altar of Beogh.
   310 | D        | Found a snail-covered altar of Cheibriados.
   310 | D        | Found a shadowy altar of Dithmenos.
   310 | D        | Found a white marble altar of Elyvilon.
   310 | D        | Found a blossoming altar of Fedhas.
   310 | D        | Found an opulent altar of Gozag.
   311 | D        | Found a hazy altar of Hepliaklqana.
   312 | D        | Found a viscous altar of Jiyva.
   313 | D        | Found an ancient bone altar of Kikubaaqudgha.
   314 | D        | Found a corrupted altar of Lugonu.
   315 | D        | Found a burning altar of Makhleb.
   316 | D        | Found a sparkling altar of Nemelex Xobeh.
   317 | D        | Found an iron altar of Okawaru.
   318 | D        | Found a stormy altar of Qazlal.
   319 | D        | Found a sacrificial altar of Ru.
   320 | D        | Found a deep blue altar of Sif Muna.
   321 | D        | Found a bloodstained altar of Trog.
   322 | D        | Found a hide-covered altar of Uskayaw.
   323 | D        | Found a radiant altar of Vehumet.
   324 | D        | Found a shimmering altar of Xom.
   325 | D        | Became a worshipper of Warmaster Okawaru
   326 | D        | Found a basalt altar of Yredelemnul.
   327 | D        | Found a glowing silver altar of Zin.
   328 | D        | Found a glowing golden altar of the Shining One.
   384 | D        | Noticed a hill giant
   384 | D        | Noticed a big kobold
   393 | D        | Killed a hill giant
   393 | D        | Reached * piety under Okawaru
   393 | D        | Reached skill level 10 in Shields
   393 | D        | Reached XP level 5. HP: 22/48 MP: 5/5
   393 | D        | Reached XP level 6. HP: 25/55 MP: 6/6
   393 | D        | Reached XP level 7. HP: 27/60 MP: 7/7
   560 | D        | Noticed a hungry ghost
   560 | D        | Noticed a hornet
   565 | D        | Reached skill level 10 in Maces & Flails
   565 | D        | Reached XP level 8. HP: 57/67 MP: 8/8
   573 | D        | Reached ** piety under Okawaru
   582 | D        | Killed a hornet
   769 | D        | Noticed a komodo dragon
   769 | D        | Noticed a five-headed hydra
   769 | D        | Noticed a yak
   775 | D        | Noticed a hippogriff
   782 | D        | Noticed a rime drake
   787 | D        | Killed a komodo dragon
   787 | D        | Reached *** piety under Okawaru
   787 | D        | Reached XP level 9. HP: 60/75 MP: 9/9
   798 | D        | Killed a five-headed hydra
   803 | D        | Reached skill level 10 in Fighting
   807 | D        | Reached **** piety under Okawaru
   820 | D        | Killed a hippogriff
   822 | D        | Killed a rime drake
   822 | D        | Reached XP level 10. HP: 45/86 MP: 10/10
  1028 | D        | Noticed a spiny frog
  1032 | D        | Killed a spiny frog
  1053 | D        | Reached ***** piety under Okawaru
  1070 | D        | Reached skill level 15 in Maces & Flails
  1192 | D        | Noticed an elephant
  1192 | D        | Noticed an elephant
  1192 | D        | Noticed an elephant
  1192 | D        | Noticed an elephant
  1192 | D        | Noticed an elephant
  1192 | D        | Noticed an elephant
  1202 | D        | Killed an elephant
  1209 | D        | Killed an elephant
  1209 | D        | Reached skill level 10 in Armour
  1212 | D        | Noticed an elephant
  1218 | D        | Killed an elephant
  1218 | D        | Reached XP level 11. HP: 87/95 MP: 11/11
  1222 | D        | Killed an elephant
  1222 | D        | Received a gift from Okawaru
  1227 | D        | Killed an elephant
  1227 | D        | Reached skill level 15 in Shields
  1235 | D        | Killed an elephant
  1247 | D        | Killed an elephant
  1247 | D        | Received a gift from Okawaru
  1270 | D        | Noticed an elephant
  1279 | D        | Killed an elephant
  1606 | D        | Noticed an orc knight
  1637 | D        | Killed an orc knight
  1638 | D        | Noticed an orc knight
  1685 | D        | Killed an orc knight
  1963 | D        | Found Reubish's Distillery.
  1963 | D        | Noticed an orc sorcerer
  1964 | D        | Noticed an orc high priest
  1965 | D        | Found Dafaiji's Distillery.
  1967 | D        | Noticed a soul eater
  1968 | D        | Noticed an orc sorcerer
  1969 | D        | Killed an orc sorcerer
  1980 | D        | Killed an orc high priest
  1980 | D        | Reached ****** piety under Okawaru
  1981 | D        | Found Zeorch Eseicw's Food Emporium.
  1984 | D        | Killed an orc sorcerer
  2087 | D        | Found Soshrur's Armour Shoppe.
  2089 | D        | Noticed an orc knight
  2098 | D        | Noticed an orc knight
  2102 | D        | Noticed an orc sorcerer
  2109 | D        | Killed an orc knight
  2109 | D        | Received a gift from Okawaru
  2124 | D        | Killed an orc knight
  2124 | D        | Reached XP level 12. HP: 50/108 MP: 12/12
  2338 | D        | Bought a potion of heal wounds for 55 gold pieces
  2341 | D        | Bought a potion of beneficial mutation for 455 gold pieces
  2341 | D        | Gained mutation: Your spells are a little harder to cast, but a little more powerful. [potion of beneficial mutation]
  2415 | D        | Noticed Harold
  2438 | D        | Killed Harold
  2508 | D        | Noticed Eustachio
  2549 | D        | Killed Eustachio
  2632 | D        | Noticed a centaur warrior
  2640 | D        | Killed a centaur warrior
  2640 | D        | Reached skill level 1 in Axes
  2641 | D        | Noticed a rakshasa
  2649 | D        | Noticed a centaur warrior
  2654 | D        | Reached skill level 1 in Stealth
  2655 | D        | Noticed a centaur warrior
  2663 | D        | Killed a rakshasa
  2663 | D        | Reached skill level 15 in Fighting
  2664 | D        | Noticed a stone giant
  2668 | D        | Killed a centaur warrior
  2673 | D        | Noticed a stone giant
  2674 | D        | Noticed an ettin
  2681 | D        | Killed a stone giant
  2681 | D        | Reached skill level 5 in Axes
  2692 | D        | Killed a stone giant
  2700 | D        | Killed an ettin
  3053 | D        | Noticed an alligator snapping turtle
  3053 | D        | Noticed a merfolk impaler
  3053 | D        | Noticed a sea snake
  3062 | D        | Noticed a sea snake
  3071 | D        | HP: 3/110 [alligator snapping turtle (24)]
  3072 | D        | Demolished by an alligator snapping turtle

Vault maps used:
D:        linesprint

Skill      XL: |  1  2  3  4  5  6  7  8  9 10 11 12 |
---------------+-------------------------------------+-----
Shields        | 4 5 10 11 12 13 14 16 17 | 17.8
Fighting       | 4 5 7 8 10 11 14 15 | 15.5
Armour         | 4 5 7 8 9 10 11 12 | 12.6
Maces & Flails | 3 8 10 11 13 15 17 | 17.8
Dodging        | 2 3 4 |  4.6
Axes           | 9 |  9.1
Stealth        | 1 |  1.3

Action                   |  1- 3 |  4- 6 |  7- 9 | 10-12 || total
-------------------------+-------+-------+-------+-------++-------
Melee: Flail             |    77 |       |       |       ||    77
       Morningstar       |       |     8 |    86 |   295 ||   389
       Broad axe         |       |       |       |    72 ||    72
  Use: Potion            |       |     1 |     1 |    10 ||    12
  Eat: Bread ration      |       |       |     1 |       ||     1
       Meat ration       |       |       |       |     1 ||     1
Armor: Scale mail        |    35 |       |       |       ||    35
       Ring mail         |       |     3 |     5 |       ||     8
       Plate armour      |       |       |    18 |    76 ||    94
Dodge: Dodged            |    22 |     4 |    30 |    68 ||   124
Block: Shield            |    37 |     5 |    48 |   189 ||   279
